 Dungeon Crawl Stone Soup version 0.30-a0-358-g0d69a1922f (webtiles) character file.

Game seed: 16566033688320464094

225 funkygono the Firebug (level 5, -6/38 HPs)
             Began as a Draconian Fire Elementalist on Nov 9, 2022.
             Mangled by an orc warrior
             ... wielding a +0 war axe
              (12 damage)
             ... on level 2 of the Dungeon.
             The game lasted 00:03:46 (2807 turns).

funkygono the Firebug (Draconian Fire Elementalist) Turns: 2807, Time: 00:03:46

Health: -6/38      AC:  5    Str: 10    XL:     5   Next: 68%
Magic:  1/10       EV: 12    Int: 18    God:
Gold:   88         SH:  0    Dex: 11    Spells: 5/11 levels left

rFire   + . .      SeeInvis .    k - staff of fire
rCold   . . .      Faith    .    (no shield)
rNeg    . . .      Spirit   .    (body armour unavailable)
rPois   .          Reflect  .    (helmet restricted)
rElec   .          Harm     .    (no cloak)
rCorr   .          Rampage  .    (no gloves)
Will    .....                    (no boots)
Stlth   ++........               (no amulet)
HPRegen 0.26/turn                (no ring)
MPRegen 0.12/turn                (no ring)

@: no status effects
A: AC +5, unfitting armour, cold-blooded
a: no special abilities


You were on level 2 of the Dungeon.
You visited 1 branch of the dungeon, and saw 3 of its levels.

You collected 88 gold pieces.

Inventory:

Hand Weapons
 c - a +0 club
 f - a +0 whip
 p - a +1 vampiric whip
Magical Staves
 k - a staff of fire (weapon)
Jewellery
 m - a +4 ring of protection
Wands
 o - a wand of roots (10)
Scrolls
 d - a scroll of summoning {unknown}
 g - a scroll of torment {unknown}
 i - a scroll of vulnerability {unknown}
 l - 5 scrolls of identify {unknown}
 n - 2 scrolls of immolation {unknown}
 q - 2 scrolls of amnesia {unknown}
 r - a scroll of teleportation {unknown}
 s - a scroll of blinking {unknown}
Potions
 a - 2 potions of magic
 b - 2 potions of curing {unknown}
 e - 2 potions of lignification {unknown}
 h - a potion of might {unknown}
 j - 2 potions of degeneration {unknown}


   Skills:
 + Level 2.0 Dodging
 - Level 1.7 Stealth
 + Level 3.8 Spellcasting
 + Level 2.2 Conjurations
 + Level 4.6 Fire Magic


You had 5 spell levels left.
You knew the following spells:

 Your Spells              Type           Power      Damage    Failure   Level
a - Foxfire               Conj/Fire      92%        2x1d8     3%          1
b - Scorch                Fire           60%        2d8       3%          2
c - Kindle Blastsparks    Fire/Tloc/Air  26%        2d12      24%         3

Your spell library contained the following spells:

 Spells                   Type           Power      Damage    Failure   Level
 Inner Flame              Hex/Fire       17%        N/A       17%         3
 Flame Wave               Conj/Fire      23%        2d8       34%         4


Dungeon Overview and Level Annotations

Branches:
Dungeon (3/15)

Altars:

Shops:
D:1 !


Innate Abilities, Weirdness & Mutations

Your plain brown scales are hard. (AC +5)
You cannot fit into any form of body armour.
You are cold-blooded and may be slowed by cold attacks.


Message History

Pain shoots through your body!
The orc priest calls upon Beogh to heal the orc warrior.
The orc warrior is healed somewhat.
There is a stone staircase leading up here.
Casting: Foxfire (safe; 3% risk of failure)
Confirm with . or Enter, or press ? or * to list all spells.
You feel a surge of power!
You conjure some foxfire!
Unknown command.
Casting: Foxfire (safe; 3% risk of failure)
Confirm with . or Enter, or press ? or * to list all spells.
You feel a surge of power!
Flames lash the orc warrior.
The orc warrior is moderately wounded.
The orc warrior's fire resistance burns away.
You hear a shout!
The foxfire hits the orc warrior but does no damage.
The orc warrior is moderately wounded.
The foxfire hits the orc warrior but does no damage.
The orc warrior is moderately wounded.
An orc wizard comes into view. It is wielding a +0 dagger.
You hear a shout!
The orc warrior hits you with a +0 war axe!
The orc wizard gestures at you while chanting.
The puff of flame hits you. You resist.
You climb upwards.
There is a stone staircase leading down here.
Unknown command.
Casting: Scorch (safe; 3% risk of failure)
Confirm with . or Enter, or press ? or * to list all spells.
You feel a surge of power!
Flames lash the orc warrior but do no damage.
The orc warrior hits you with a +0 war axe!
* * * LOW HITPOINT WARNING * * *
Unknown command.
Casting: Scorch (safe; 3% risk of failure)
Confirm with . or Enter, or press ? or * to list all spells.
You don't have enough magic to cast this spell.
Unknown command.
The orc warrior attacks as you move away!
The orc warrior hits you with a +0 war axe!
You die...

##############
#...o@.......#########
##.##########..........
#.........# #########..
#..######.# #.# #..#
#†###########.# #..#
#.............# #####
#..# ###############
....# #..##########
###.# #...........#


You could see an orc warrior (combustible).

Vanquished Creatures
  An orc priest (D:3)
  Natasha (thrice) (D:2)
  An orc wizard (D:3)
  2 adders (D:2)
  An ufetubus (D:2)
  A worm (D:2)
  2 dart slugs
  6 orcs (D:3)
  8 ball pythons
  5 endoplasms
  7 goblins
  6 hobgoblins
  2 jackals (D:2)
  2 quokkas
  6 bats
  5 frilled lizards
  4 kobolds
  4 rats (D:1)
66 creatures vanquished.

Vanquished Creatures (collateral kills)
  2 foxfires (D:1)
2 creatures vanquished.

Vanquished Creatures (others)
  A kobold (D:2)
  160 foxfires
  3 plants (D:1)
164 creatures vanquished.

Grand Total: 232 creatures vanquished

Notes
Turn   | Place    | Note
-------+----------+-------------------------------------------
     0 | D:1      | funkygono the Draconian Fire Elementalist began the quest
                  | for the Orb.
     0 | D:1      | Reached XP level 1. HP: 14/14 MP: 3/3
   272 | D:1      | Reached XP level 2. HP: 20/20 MP: 3/5
   339 | D:1      | Learned a level 2 spell: Scorch
   960 | D:1      | Found Ynuzegug's Distillery.
   978 | D:1      | Reached XP level 3. HP: 26/26 MP: 1/6
   984 | D:1      | Learned a level 3 spell: Kindle Blastsparks
  1640 | D:2      | Noticed Natasha
  1645 | D:2      | Killed Natasha
  1646 | D:2      | Reached skill level 4 in Fire Magic
  1646 | D:2      | Reached XP level 4. HP: 33/33 MP: 0/8
  1847 | D:2      | Noticed Natasha
  1872 | D:2      | Killed Natasha
  2226 | D:2      | Noticed Natasha
  2230 | D:2      | Killed Natasha
  2231 | D:2      | Reached XP level 5. HP: 35/38 MP: 5/10
  2780 | D:3      | Noticed an orc warrior
  2807 | D:2      | Mangled by an orc warrior

Illustrated notes

Levels and vault maps discovered:
D:1:      eino_arrival_cavern_c, layout_basic, serial_shops, shop_fountains,
          serial_forest, infiniplex_forest_lined_3_way,
          infiniplex_forest_clump_double, infiniplex_forest_straight_2,
          infiniplex_forest_straight_5, infiniplex_forest_lined_2,
          infiniplex_forest_side_room
D:2:      layout_loops_ring, lemuel_flame_loot_1, uniq_natasha
D:3:      layout_rooms, mainiacjoe_overflow_24_doors, grunt_ministairs_14,
          minmay_cupped

Skill      XL: |  1  2  3  4  5 |
---------------+----------------+-----
Dodging        | 2 |  2.0
Fire Magic     | 4 |  4.6
Spellcasting   | 3 |  3.8
Conjurations   | 2 |  2.2
Stealth        | |  1.7

Action                   |  1- 3 |  4- 6 || total
-------------------------+-------+-------++-------
Melee: Whip              |     2 |       ||     2
       Staff             |     2 |     9 ||    11
       Tailslap          |     1 |     2 ||     3
 Cast: Foxfire           |    53 |    42 ||    95
       Scorch            |     5 |    13 ||    18
Armor: Skin              |     3 |    12 ||    15
Dodge: Dodged            |    11 |    11 ||    22

Table legend: (Time is in decaauts)
 A = Elapsed time spent in this place.
 B = Non-inter-level travel time spent in this place.
 C = Inter-level travel time spent in this place.
 D = Time resting spent in this place.
 E = Time spent auto-exploring this place.
 F = Levels seen in this place.
 G = Mean time per level.
                   A        B        C        D        E       F      G
               +--------+--------+--------+--------+--------+-----+--------+
         Total |   2808 |   2749 |     59 |      0 |   2331 |   3 |  936.0 |
       Dungeon |   2808 |   2749 |     59 |      0 |   2331 |   3 |  936.0 |
               +--------+--------+--------+--------+--------+-----+--------+

Top non-repeatable levels by time:
     D:2: 1426 daAuts
     D:1: 1103 daAuts
     D:3: 277 daAuts
